Saguenéens vs Punishers
Created - January 18, 2019 at 22:54
Goals
|
| Saguenéens |
0 |
1 |
2 |
0 |
1 |
3 |
| Punishers |
1 |
1 |
1 |
0 |
2 |
4 |
|
Shots
|
| Saguenéens |
4 |
11 |
14 |
2 |
3 |
31 |
| Punishers |
6 |
11 |
10 |
0 |
2 |
27 |
|
1st period
1. Punishers , Robbie Earl 22 (Mattias Tedenby 17, Zack Hamill 47) at 19:23
Penalties :
Nick Mattson (Chi) for Tripping (Minor) at 1:36, Craig Cunningham (Chi) for Goalie Interference (Minor) at 6:26, Seth Jones (Chi) for Cross-checking (Minor) at 10:24, Garret Ross (Pro) for Delaying the game (Minor) at 12:54
2nd period
2. Saguenéens , Tanner Richard 6 (Jerry D'Amigo 7, Bobby Sanguinetti 23) at 7:22
3. Punishers , Adam Pelech 4 (Miikka Salomaki 19, Kristers Gudlevskis) at 11:11 (PP)
Penalties :
Craig Cunningham (Chi) for Holding (Minor) at 7:31, Rhett Rakhshani (Chi) for Holding (Minor) at 10:17, Kyle Brodziak (Chi) for Hooking (Minor) at 10:36, Kyle Brodziak (Chi) for Holding (Minor) at 16:34
3rd period
4. Saguenéens , Teemu Pulkkinen 7 (Bobby Sanguinetti 24, Kyle Brodziak 21) at 1:29
5. Punishers , Colton Gillies 11 (Boone Jenner 14) at 2:02
6. Saguenéens , Juraj Mikus 17 (Bobby Sanguinetti 25, Dalton Prout 20) at 9:58 (PP)
Penalties :
Craig Cunningham (Chi) for Roughing (Minor) at 2:27, Jordan Schmaltz (Pro) for Cross-checking (Minor) at 8:01, Stefan Elliott (Pro) for Cross-checking (Minor) at 13:00, Juraj Mikus (Chi) for Slashing (Minor) at 17:47
Overtime #1
No Goal
Penalties :
No Penalty
Shootout
Saguenéens, Kyle Brodziak - Goal!
Punishers, Zack Hamill - Goal!
Saguenéens, Luke Witkowski - Stopped by Kristers Gudlevskis
Punishers, Robbie Earl - Goal!
Saguenéens, Tobias Rieder - Shot Misses the Net
Penalties :
No Penalty
Goalie Stats
Martin Jones (Chi), 24 saves from 27 shots - (0.889), OTL, 16-9-5, 65:00 minutes
Kristers Gudlevskis (Pro), 28 saves from 31 shots - (0.903), W, 7-12-2, 65:00 minutes
Players Stats for Saguenéens
Player Name G A P +/- PIM S H SB GA TA FO MP PP MP PK MP
------------------------------------------------------------------------------------
Adam Erne 0 0 0 0 0 0 0 0 0 0 0/0 0:00 0:00 0:00
Bobby Sanguinetti 0 3 3 0 0 3 1 3 0 3 0/0 29:57 4:04 9:57
Craig Cunningham 0 0 0 0 6 1 2 1 2 0 0/0 17:15 2:42 1:14
Dalton Prout 0 1 1 0 0 3 0 1 0 4 0/0 31:59 4:04 9:57
Henrik Samuelsson 0 0 0 0 0 0 1 0 0 0 0/0 2:16 0:11 0:39
Jake McCabe 0 0 0 0 0 0 0 0 0 0 0/0 11:43 0:00 0:00
Jerry D'Amigo 0 1 1 1 0 0 0 1 0 1 0/0 6:18 0:00 0:00
Juraj Mikus 1 0 1 0 2 5 2 0 1 0 5/8 18:29 3:07 4:10
Kerby Rychel 0 0 0 -1 0 0 1 0 0 0 0/0 9:13 0:00 0:00
Kyle Brodziak 0 1 1 0 4 3 3 2 3 0 15/34 23:26 2:43 6:14
Luke Witkowski 0 0 0 0 0 2 1 0 1 1 0/2 25:29 2:43 8:38
Mattias Janmark 0 0 0 0 0 0 0 0 0 0 0/0 1:00 0:05 0:00
Mike Sauer 0 0 0 0 0 2 2 0 0 2 0/0 21:18 1:51 6:14
Mikhail Grigorenko 0 0 0 0 0 0 1 1 0 0 2/5 5:54 0:00 5:00
Myles Bell 0 0 0 1 0 0 0 0 0 0 0/0 6:18 0:00 0:00
Nathan MacKinnon 0 0 0 -1 0 3 0 0 0 0 2/4 9:13 0:00 0:00
Nick Mattson 0 0 0 0 2 0 1 0 0 0 0/0 12:59 0:00 0:55
Nick Paul 0 0 0 0 0 0 0 0 0 0 0/0 0:00 0:00 0:00
Patrick Sieloff 0 0 0 0 0 0 0 0 0 0 0/0 2:02 0:00 0:00
Rhett Rakhshani 0 0 0 -1 2 1 0 0 1 1 0/0 9:12 0:00 0:00
Seth Jones 0 0 0 0 2 3 4 1 0 0 0/0 20:23 1:51 5:19
Tanner Richard 1 0 1 1 0 2 0 0 1 0 2/2 6:18 0:00 0:00
Teemu Pulkkinen 1 0 1 0 0 2 0 0 1 1 0/1 13:02 3:07 0:44
Tobias Rieder 0 0 0 0 0 1 3 0 1 0 1/1 19:21 3:07 5:07
Players Stats for Punishers
Player Name G A P +/- PIM S H SB GA TA FO MP PP MP PK MP
------------------------------------------------------------------------------------
Adam Pelech 1 0 1 -1 0 5 2 2 2 1 0/0 30:34 8:37 3:44
Boone Jenner 0 1 1 -1 0 4 6 0 1 0 2/8 16:34 7:15 0:00
Carter Ashton 0 0 0 0 0 0 1 0 0 0 0/0 6:46 0:00 0:00
Colton Gillies 1 0 1 -1 0 5 3 0 0 0 0/0 19:19 7:13 1:26
Dan Bertram 0 0 0 0 0 1 0 0 2 0 0/0 11:26 0:06 1:17
Dylan DeMelo 0 0 0 0 0 0 1 1 0 1 0/0 11:56 0:00 1:23
Garret Ross 0 0 0 0 2 0 0 0 1 0 0/0 9:36 0:00 0:00
John Macfarland 0 0 0 0 0 0 0 0 0 0 0/0 3:05 0:08 0:59
Jordan Schmaltz 0 0 0 2 2 0 0 2 1 2 0/0 20:46 6:19 1:49
Madison Bowey 0 0 0 0 0 0 1 1 0 2 0/0 12:03 1:32 0:00
Mark Jankowski 0 0 0 0 0 0 0 0 0 0 1/2 9:02 0:00 0:00
Mattias Tedenby 0 1 1 1 0 2 2 2 4 1 1/2 24:00 8:50 1:26
Michael Joly 0 0 0 0 0 0 0 0 0 0 0/0 1:31 0:08 0:00
Miikka Salomaki 0 1 1 -1 0 0 1 0 0 0 0/0 16:21 7:13 0:00
Patrick Wiercioch 0 0 0 2 0 1 2 3 0 1 0/0 19:53 6:19 2:01
Radek Faksa 0 0 0 0 0 0 2 0 0 0 1/4 6:46 0:00 0:00
Robbie Earl 1 0 1 1 0 4 2 2 2 1 1/2 26:24 8:50 3:21
Stefan Elliott 0 0 0 -2 2 3 1 1 0 2 0/0 30:44 9:11 2:43
Trevor Van Riemsdyk 0 0 0 -1 0 0 0 0 0 0 0/0 4:08 0:24 0:10
Tyler Bertuzzi 0 0 0 0 0 0 1 0 0 0 0/0 6:46 0:00 0:00
Zack Hamill 0 1 1 1 0 2 1 1 0 0 24/39 26:22 8:50 3:21
3 Stars
1 - Robbie Earl (Pro)
2 - Bobby Sanguinetti (Chi)
3 - Colton Gillies (Pro)
Power Play
Saguenéens - 1 on 3 Attempt(s) - 33.33%
Punishers - 1 on 9 Attempt(s) - 11.11%
Penalty Kill
Saguenéens - 8 on 9 Attempt(s) - 88.89%
- Score 0 goal in Penalty Kill
Punishers - 2 on 3 Attempt(s) - 66.67%
- Score 0 goal in Penalty Kill
Team Stat
Saguenéens - Hits : 22 - Faceoff Wins : 27 - Blocked Shots : 10 - Penalty Minutes : 18
Punishers - Hits : 26 - Faceoff Wins : 30 - Blocked Shots : 15 - Penalty Minutes : 6
Official
Referees : Unknown
Linesman : Unknown
Game Notes
No Game Note
Finance
Level 1 -- Attendance: 1525 (76.25%) -- Ticket Income $61,000
Level 2 -- Attendance: 779 (77.90%) -- Ticket Income $15,580
Total Attendance: 2304 (76.80%)
Total Ticket Income: $76,580
Other Income: $3,829
Total Income: $80,409
Saguenéens
5 vs 5 Forward
Center Left Wing Right Wing Time % Phy DF OF
1 Kyle Brodziak Craig Cunningham Luke Witkowski 40 1 2 2
2 Juraj Mikus Teemu Pulkkinen Tobias Rieder 30 1 2 2
3 Nathan MacKinnon Kerby Rychel Rhett Rakhshani 20 1 2 2
4 Tanner Richard Myles Bell Jerry D'Amigo 10 1 2 2
5 vs 5 Defense
Defense Defense Time % Phy DF OF
1 Dalton Prout Bobby Sanguinetti 40 1 2 2
2 Mike Sauer Seth Jones 30 1 2 2
3 Jake McCabe Nick Mattson 20 1 2 2
4 Patrick Sieloff Dalton Prout 10 1 2 2
PowerPlay Forward
Center Left Wing Right Wing Time % Phy DF OF
1 Kyle Brodziak Craig Cunningham Luke Witkowski 60 1 2 2
2 Juraj Mikus Teemu Pulkkinen Tobias Rieder 40 1 2 2
PowerPlay Defense
Defense Defense Time % Phy DF OF
1 Dalton Prout Bobby Sanguinetti 60 1 2 2
2 Mike Sauer Seth Jones 40 1 2 2
Penalty Kill 4 Players Forward
Center Wing Time % Phy DF OF
1 Kyle Brodziak Luke Witkowski 60 1 2 2
2 Tobias Rieder Juraj Mikus 40 1 2 2
Penalty Kill 4 Players Defense
Defense Defense Time % Phy DF OF
1 Dalton Prout Bobby Sanguinetti 60 1 2 2
2 Mike Sauer Seth Jones 40 1 2 2
Penalty Kill - 3 Players Forward
Forward Time % Phy DF OF
1 Kyle Brodziak 60 1 2 2
2 Luke Witkowski 40 1 2 2
Penalty Kill - 3 Players Defense
Defense Defense Time % Phy DF OF
1 Dalton Prout Bobby Sanguinetti 60 1 2 2
2 Mike Sauer Seth Jones 40 1 2 2
4 vs 4 Forward
Center Wing Time % Phy DF OF
1 Kyle Brodziak Luke Witkowski 60 1 2 2
2 Tobias Rieder Juraj Mikus 40 1 2 2
4 vs 4 Defense
Defense Defense Time % Phy DF OF
1 Dalton Prout Bobby Sanguinetti 60 1 2 2
2 Mike Sauer Seth Jones 40 1 2 2
Last Minutes Offensive
Center Left Wing Right Wing Defense Defense
Kyle Brodziak Craig Cunningham Luke Witkowski Dalton Prout Bobby Sanguinetti
Last Minutes Defensive
Center Left Wing Right Wing Defense Defense
Kyle Brodziak Craig Cunningham Luke Witkowski Dalton Prout Bobby Sanguinetti
Goaltenders
Starting : Martin Jones
Backup : Joe Cannata
Extra Forwards
Normal : Henrik Samuelsson, Mattias Janmark, Mikhail Grigorenko - PP : Henrik Samuelsson, Mattias Janmark - PK : Mikhail Grigorenko
Extra Defensemen
Normal : Jake McCabe, Nick Mattson, Patrick Sieloff - PP : Jake McCabe - PK : Nick Mattson, Patrick Sieloff
Penalty Shots
Kyle Brodziak, Luke Witkowski, Tobias Rieder, Juraj Mikus, Rhett Rakhshani
Scratches
Dylan Labbe (Healthy), Carl Hagelin (Healthy), Calle Andersson (Healthy)
Punishers
5 vs 5 Forward
Center Left Wing Right Wing Time % Phy DF OF
1 Zack Hamill Robbie Earl Mattias Tedenby 40 1 2 2
2 Boone Jenner Colton Gillies Miikka Salomaki 30 1 2 2
3 Mark Jankowski Garret Ross Dan Bertram 20 1 2 2
4 Radek Faksa Tyler Bertuzzi Carter Ashton 10 1 2 2
5 vs 5 Defense
Defense Defense Time % Phy DF OF
1 Stefan Elliott Adam Pelech 40 1 2 2
2 Jordan Schmaltz Patrick Wiercioch 30 1 2 2
3 Madison Bowey Dylan DeMelo 20 1 2 2
4 Trevor Van Riemsdyk Stefan Elliott 10 1 2 2
PowerPlay Forward
Center Left Wing Right Wing Time % Phy DF OF
1 Zack Hamill Robbie Earl Mattias Tedenby 60 1 2 2
2 Boone Jenner Colton Gillies Miikka Salomaki 40 1 2 2
PowerPlay Defense
Defense Defense Time % Phy DF OF
1 Stefan Elliott Adam Pelech 60 1 2 2
2 Jordan Schmaltz Patrick Wiercioch 40 1 2 2
Penalty Kill 4 Players Forward
Center Wing Time % Phy DF OF
1 Zack Hamill Robbie Earl 60 1 2 2
2 Mattias Tedenby Colton Gillies 40 1 2 2
Penalty Kill 4 Players Defense
Defense Defense Time % Phy DF OF
1 Stefan Elliott Adam Pelech 60 1 2 2
2 Jordan Schmaltz Patrick Wiercioch 40 1 2 2
Penalty Kill - 3 Players Forward
Forward Time % Phy DF OF
1 Zack Hamill 60 1 2 2
2 Robbie Earl 40 1 2 2
Penalty Kill - 3 Players Defense
Defense Defense Time % Phy DF OF
1 Stefan Elliott Adam Pelech 60 1 2 2
2 Jordan Schmaltz Patrick Wiercioch 40 1 2 2
4 vs 4 Forward
Center Wing Time % Phy DF OF
1 Zack Hamill Robbie Earl 60 1 2 2
2 Mattias Tedenby Colton Gillies 40 1 2 2
4 vs 4 Defense
Defense Defense Time % Phy DF OF
1 Stefan Elliott Adam Pelech 60 1 2 2
2 Jordan Schmaltz Patrick Wiercioch 40 1 2 2
Last Minutes Offensive
Center Left Wing Right Wing Defense Defense
Zack Hamill Robbie Earl Mattias Tedenby Stefan Elliott Adam Pelech
Last Minutes Defensive
Center Left Wing Right Wing Defense Defense
Zack Hamill Robbie Earl Mattias Tedenby Stefan Elliott Adam Pelech
Goaltenders
Starting : Kristers Gudlevskis
Backup : Louis Domingue
Extra Forwards
Normal : John Macfarland, Michael Joly, Dan Bertram - PP : John Macfarland, Michael Joly - PK : Dan Bertram
Extra Defensemen
Normal : Madison Bowey, Dylan DeMelo, Trevor Van Riemsdyk - PP : Madison Bowey - PK : Dylan DeMelo, Trevor Van Riemsdyk
Penalty Shots
Zack Hamill, Robbie Earl, Mattias Tedenby, Colton Gillies, Boone Jenner
Scratches
David Laliberté (Left Hip Injury), Daniel Altshuller (Healthy)
% Time on Ice - Saguenéens
Lines # - Real PCT - Wanted PCT - Time Play
Normal Forward
1 - 33% - 40% - 12:30
2 - 26% - 30% - 9:53
3 - 24% - 20% - 9:13
4 - 17% - 10% - 6:18
Normal Defense
1 - 36% - 40% - 13:35
2 - 29% - 30% - 11:05
3 - 30% - 20% - 11:12
4 - 5% - 10% - 2:02
PP Forward
1 - 47% - 60% - 2:48
2 - 53% - 40% - 3:07
PP Defense
1 - 69% - 60% - 4:04
2 - 31% - 40% - 1:51
PK Forward
1 - 67% - 60% - 10:29
2 - 33% - 40% - 5:07
PK Defense
1 - 60% - 60% - 9:22
2 - 40% - 40% - 6:14
PK3 Forward
1 - 100% - 60% - 0:35
2 - 0% - 40% - 0:00
PK3 Defense
1 - 100% - 60% - 0:35
2 - 0% - 40% - 0:00
44 Forward
1 - 75% - 60% - 3:46
2 - 25% - 40% - 1:14
44 Defense
1 - 57% - 60% - 2:52
2 - 43% - 40% - 2:08
Last Minute Offensive - 0:00
Last Minute Defensive - 0:00
Total
Forward - 65:00
Defense - 65:00
|
% Time on Ice - Punishers
Lines # - Real PCT - Wanted PCT - Time Play
Normal Forward
1 - 33% - 40% - 12:40
2 - 25% - 30% - 9:26
3 - 24% - 20% - 9:02
4 - 18% - 10% - 6:46
Normal Defense
1 - 42% - 40% - 15:52
2 - 26% - 30% - 9:44
3 - 26% - 20% - 9:56
4 - 6% - 10% - 2:22
PP Forward
1 - 55% - 60% - 8:56
2 - 45% - 40% - 7:15
PP Defense
1 - 61% - 60% - 9:52
2 - 39% - 40% - 6:19
PK Forward
1 - 76% - 60% - 4:29
2 - 24% - 40% - 1:26
PK Defense
1 - 66% - 60% - 3:54
2 - 34% - 40% - 2:01
PK3 Forward
1 - 0% - 60%
2 - 0% - 40%
PK3 Defense
1 - 0% - 60%
2 - 0% - 40%
44 Forward
1 - 72% - 60% - 3:35
2 - 28% - 40% - 1:25
44 Defense
1 - 64% - 60% - 3:11
2 - 36% - 40% - 1:49
Last Minute Offensive - 0:00
Last Minute Defensive - 0:00
Total
Forward - 65:00
Defense - 65:00
|
Play-by-Play
1st period
0:01 of 1st period - Kyle Brodziak wins face-off versus Zack Hamill in neutral zone.
0:04 of 1st period - Wrist shot by Craig Cunningham.
0:04 of 1st period - Stopped by Kristers Gudlevskis with a rebound.
0:26 of 1st period - Miikka Salomaki is hit by Tobias Rieder and loses puck.
0:47 of 1st period - Wrist shot by Boone Jenner.
0:47 of 1st period - Shot Blocked by Seth Jones.
1:16 of 1st period - Snap shot by Radek Faksa.
1:16 of 1st period - Shot Blocked by Jerry D'Amigo.
1:34 of 1st period - Snap shot by Mattias Tedenby.
1:34 of 1st period - Shot Misses the Net.
1:36 of 1st period - Minor Penalty to Nick Mattson for Tripping.
1:37 of 1st period - Kyle Brodziak wins face-off versus Zack Hamill in Saguenéens zone.
1:46 of 1st period - Luke Witkowski is hit by Robbie Earl and loses puck.
2:19 of 1st period - Juraj Mikus is hit by Colton Gillies and loses puck.
3:08 of 1st period - Stefan Elliott is hit by Mike Sauer and loses puck.
3:23 of 1st period - Seth Jones is hit by Boone Jenner and loses puck.
3:36 of 1st period - Penalty to Nick Mattson is over, Nick Mattson is back on ice.
4:28 of 1st period - Slapshot by Seth Jones.
4:28 of 1st period - Shot Blocked by Robbie Earl.
4:30 of 1st period - Wrist shot by Mike Sauer.
4:30 of 1st period - Stopped by Kristers Gudlevskis with a rebound.
4:32 of 1st period - Slapshot by Mike Sauer.
4:32 of 1st period - Stopped by Kristers Gudlevskis without a rebound.
4:33 of 1st period - Mark Jankowski wins face-off versus Juraj Mikus in Punishers zone.
4:46 of 1st period - Tobias Rieder is hit by Madison Bowey and loses puck.
6:00 of 1st period - Snap shot by Stefan Elliott.
6:00 of 1st period - Shot Misses the Net.
6:02 of 1st period - Slapshot by Adam Pelech.
6:02 of 1st period - Deflect By Teemu Pulkkinen.
6:02 of 1st period - Stopped by Martin Jones without a rebound.
6:03 of 1st period - Zack Hamill wins face-off versus Kyle Brodziak in Saguenéens zone.
6:26 of 1st period - Minor Penalty to Craig Cunningham for Goalie Interference.
6:27 of 1st period - Kyle Brodziak wins face-off versus Zack Hamill in Saguenéens zone.
6:36 of 1st period - Kyle Brodziak is hit by Mattias Tedenby and loses puck.
8:25 of 1st period - Mattias Tedenby is hit by Seth Jones and loses puck.
8:26 of 1st period - Penalty to Craig Cunningham is over, Craig Cunningham is back on ice.
8:46 of 1st period - Snap shot by Garret Ross.
8:46 of 1st period - Shot Misses the Net.
8:48 of 1st period - Wrist shot by Dan Bertram.
8:48 of 1st period - Shot Misses the Net.
8:56 of 1st period - Garret Ross is hit by Kerby Rychel and loses puck.
9:11 of 1st period - Off-side.
9:12 of 1st period - Juraj Mikus wins face-off versus Radek Faksa in neutral zone.
9:25 of 1st period - Snap shot by Teemu Pulkkinen.
9:25 of 1st period - Shot Misses the Net.
9:27 of 1st period - Snap shot by Jake McCabe.
9:27 of 1st period - Shot Blocked by Madison Bowey.
9:37 of 1st period - Kyle Brodziak is hit by Boone Jenner and loses puck.
10:14 of 1st period - Off-side.
10:15 of 1st period - Kyle Brodziak wins face-off versus Zack Hamill in neutral zone.
10:17 of 1st period - Off-side.
10:18 of 1st period - Zack Hamill wins face-off versus Kyle Brodziak in neutral zone.
10:24 of 1st period - Minor Penalty to Seth Jones for Cross-checking.
10:25 of 1st period - Kyle Brodziak wins face-off versus Zack Hamill in Saguenéens zone.
10:41 of 1st period - Snap shot by Mattias Tedenby.
10:41 of 1st period - Deflect By Zack Hamill.
10:41 of 1st period - Shot Blocked by Kyle Brodziak.
10:41 of 1st period - Puck is out of play.
10:42 of 1st period - Zack Hamill wins face-off versus Kyle Brodziak in Saguenéens zone.
12:24 of 1st period - Penalty to Seth Jones is over, Seth Jones is back on ice.
12:52 of 1st period - Snap shot by Jake McCabe.
12:52 of 1st period - Shot Misses the Net.
12:54 of 1st period - Minor Penalty to Garret Ross for Delaying the game.
12:55 of 1st period - Zack Hamill wins face-off versus Kyle Brodziak in Punishers zone.
14:54 of 1st period - Penalty to Garret Ross is over, Garret Ross is back on ice.
16:16 of 1st period - Off-side.
16:17 of 1st period - Kyle Brodziak wins face-off versus Zack Hamill in neutral zone.
16:25 of 1st period - Snap shot by Mattias Tedenby.
16:25 of 1st period - Shot Hit the Post.
16:27 of 1st period - Slapshot by Stefan Elliott.
16:27 of 1st period - Deflect By Luke Witkowski.
16:27 of 1st period - Stopped by Martin Jones without a rebound.
16:28 of 1st period - Zack Hamill wins face-off versus Juraj Mikus in Saguenéens zone.
17:32 of 1st period - Wrist shot by Nathan MacKinnon.
17:32 of 1st period - Shot Misses the Net.
17:43 of 1st period - Off-side.
17:44 of 1st period - Tanner Richard wins face-off versus Radek Faksa in neutral zone.
17:52 of 1st period - Mike Sauer is hit by Carter Ashton.
17:58 of 1st period - Snap shot by Myles Bell.
17:58 of 1st period - Shot Misses the Net.
18:15 of 1st period - Wrist shot by Zack Hamill.
18:15 of 1st period - Shot Misses the Net.
18:19 of 1st period - Slapshot by Zack Hamill.
18:19 of 1st period - Shot Misses the Net.
18:21 of 1st period - Snap shot by Robbie Earl.
18:21 of 1st period - Stopped by Martin Jones with a rebound.
18:39 of 1st period - Slapshot by Luke Witkowski.
18:39 of 1st period - Stopped by Kristers Gudlevskis with a rebound.
19:01 of 1st period - Mike Sauer is hit by Adam Pelech and loses puck.
19:19 of 1st period - Icing by Kerby Rychel.
19:20 of 1st period - Zack Hamill wins face-off versus Nathan MacKinnon in Saguenéens zone.
19:21 of 1st period - Wrist shot by Mattias Tedenby.
19:21 of 1st period - Stopped by Martin Jones with a rebound.
19:23 of 1st period - Wrist shot by Robbie Earl.
19:23 of 1st period - Goal by Robbie Earl - Saguenéens : 0 - Punishers : 1.
19:24 of 1st period - Zack Hamill wins face-off versus Kyle Brodziak in neutral zone.
19:33 of 1st period - Snap shot by Mattias Tedenby.
19:33 of 1st period - Shot Misses the Net.
19:50 of 1st period - Teemu Pulkkinen is hit by Colton Gillies and loses puck.
19:59 of 1st period - Wrist shot by Colton Gillies.
19:59 of 1st period - Deflect By Boone Jenner.
19:59 of 1st period - Stopped by Martin Jones with a rebound.
Goals for this period are 0 for Saguenéens vs 1 for Punishers.
Shots for this period are 4 for Saguenéens vs 6 for Punishers.
2nd period
0:01 of 2nd period - Zack Hamill wins face-off versus Kyle Brodziak in neutral zone.
0:21 of 2nd period - Icing by Stefan Elliott.
0:22 of 2nd period - Juraj Mikus wins face-off versus Zack Hamill in Punishers zone.
0:49 of 2nd period - Colton Gillies is hit by Mike Sauer.
1:05 of 2nd period - Slapshot by Jerry D'Amigo.
1:05 of 2nd period - Shot Misses the Net.
1:07 of 2nd period - Slapshot by Bobby Sanguinetti.
1:07 of 2nd period - Stopped by Kristers Gudlevskis with a rebound.
1:57 of 2nd period - Adam Pelech is hit by Tobias Rieder and loses puck.
2:15 of 2nd period - Snap shot by Adam Pelech.
2:15 of 2nd period - Stopped by Martin Jones without a rebound.
2:16 of 2nd period - Boone Jenner wins face-off versus Kyle Brodziak in Saguenéens zone.
2:43 of 2nd period - Mark Jankowski is hit by Tobias Rieder and loses puck.
3:04 of 2nd period - Slapshot by Zack Hamill.
3:04 of 2nd period - Stopped by Martin Jones with a rebound.
3:27 of 2nd period - Wrist shot by Tanner Richard.
3:27 of 2nd period - Shot Misses the Net.
4:01 of 2nd period - Dylan DeMelo is hit by Juraj Mikus and loses puck.
4:51 of 2nd period - Snap shot by Dan Bertram.
4:51 of 2nd period - Stopped by Martin Jones with a rebound.
4:53 of 2nd period - Backhand shot by Mark Jankowski.
4:53 of 2nd period - Shot Blocked by Craig Cunningham.
5:37 of 2nd period - Kerby Rychel is hit by Stefan Elliott and loses puck.
6:04 of 2nd period - Tanner Richard is hit by Dylan DeMelo and loses puck.
6:40 of 2nd period - Wrist shot by Rhett Rakhshani.
6:40 of 2nd period - Stopped by Kristers Gudlevskis with a rebound.
6:42 of 2nd period - Slapshot by Seth Jones.
6:42 of 2nd period - Shot Misses the Net.
6:58 of 2nd period - Wrist shot by Juraj Mikus.
6:58 of 2nd period - Shot Blocked by Adam Pelech.
7:00 of 2nd period - Slapshot by Tobias Rieder.
7:00 of 2nd period - Shot Blocked by Patrick Wiercioch.
7:12 of 2nd period - Slapshot by Colton Gillies.
7:12 of 2nd period - Stopped by Martin Jones without a rebound.
7:13 of 2nd period - Tanner Richard wins face-off versus Boone Jenner in Saguenéens zone.
7:22 of 2nd period - Wrist shot by Tanner Richard.
7:22 of 2nd period - Goal by Tanner Richard - Saguenéens : 1 - Punishers : 1.
7:23 of 2nd period - Zack Hamill wins face-off versus Kyle Brodziak in neutral zone.
7:31 of 2nd period - Minor Penalty to Craig Cunningham for Holding.
7:32 of 2nd period - Kyle Brodziak wins face-off versus Robbie Earl in Saguenéens zone.
7:58 of 2nd period - Kyle Brodziak is hit by Boone Jenner and loses puck.
8:11 of 2nd period - Slapshot by Seth Jones.
8:11 of 2nd period - Stopped by Kristers Gudlevskis with a rebound.
8:42 of 2nd period - Tobias Rieder is hit by Patrick Wiercioch and loses puck.
9:31 of 2nd period - Penalty to Craig Cunningham is over, Craig Cunningham is back on ice.
9:31 of 2nd period - Dan Bertram is hit by Craig Cunningham and loses puck.
9:55 of 2nd period - Wrist shot by Nathan MacKinnon.
9:55 of 2nd period - Stopped by Kristers Gudlevskis without a rebound.
9:56 of 2nd period - Nathan MacKinnon wins face-off versus Mark Jankowski in Punishers zone.
10:01 of 2nd period - Snap shot by Nathan MacKinnon.
10:01 of 2nd period - Stopped by Kristers Gudlevskis with a rebound.
10:17 of 2nd period - Minor Penalty to Rhett Rakhshani for Holding.
10:18 of 2nd period - Zack Hamill wins face-off versus Kyle Brodziak in Saguenéens zone.
10:31 of 2nd period - Slapshot by Zack Hamill.
10:31 of 2nd period - Shot Misses the Net.
10:33 of 2nd period - Snap shot by Zack Hamill.
10:33 of 2nd period - Stopped by Martin Jones without a rebound.
10:34 of 2nd period - Kyle Brodziak wins face-off versus Zack Hamill in Saguenéens zone.
10:36 of 2nd period - Minor Penalty to Kyle Brodziak for Hooking.
10:37 of 2nd period - Zack Hamill wins face-off versus Mikhail Grigorenko in Saguenéens zone.
11:11 of 2nd period - Slapshot by Adam Pelech.
11:11 of 2nd period - Deflect By Bobby Sanguinetti.
11:11 of 2nd period - Goal by Adam Pelech - Saguenéens : 1 - Punishers : 2.
11:12 of 2nd period - Zack Hamill wins face-off versus Mikhail Grigorenko in neutral zone.
11:27 of 2nd period - Wrist shot by Zack Hamill.
11:27 of 2nd period - Deflect By Robbie Earl.
11:27 of 2nd period - Shot Blocked by Bobby Sanguinetti.
11:27 of 2nd period - Puck is out of play.
11:28 of 2nd period - Zack Hamill wins face-off versus Mikhail Grigorenko in Saguenéens zone.
11:39 of 2nd period - Snap shot by Mattias Tedenby.
11:39 of 2nd period - Stopped by Martin Jones without a rebound.
11:40 of 2nd period - Mikhail Grigorenko wins face-off versus Zack Hamill in Saguenéens zone.
12:06 of 2nd period - Bobby Sanguinetti is hit by Boone Jenner and loses puck.
12:36 of 2nd period - Penalty to Kyle Brodziak is over, Kyle Brodziak is back on ice.
13:11 of 2nd period - Nathan MacKinnon is hit by Radek Faksa.
13:21 of 2nd period - Wrist shot by Nathan MacKinnon.
13:21 of 2nd period - Stopped by Kristers Gudlevskis with a rebound.
13:35 of 2nd period - Zack Hamill is hit by Nick Mattson and loses puck.
13:40 of 2nd period - Slapshot by Seth Jones.
13:40 of 2nd period - Shot Blocked by Mattias Tedenby.
13:52 of 2nd period - Slapshot by Boone Jenner.
13:52 of 2nd period - Shot Blocked by Kyle Brodziak.
13:54 of 2nd period - Snap shot by Boone Jenner.
13:54 of 2nd period - Stopped by Martin Jones with a rebound.
14:04 of 2nd period - Dan Bertram is hit by Juraj Mikus and loses puck.
14:11 of 2nd period - Slapshot by Tobias Rieder.
14:11 of 2nd period - Shot Misses the Net.
14:13 of 2nd period - Snap shot by Teemu Pulkkinen.
14:13 of 2nd period - Stopped by Kristers Gudlevskis without a rebound.
14:14 of 2nd period - Zack Hamill wins face-off versus Kyle Brodziak in Punishers zone.
14:45 of 2nd period - Wrist shot by Rhett Rakhshani.
14:45 of 2nd period - Deflect By Kerby Rychel.
14:45 of 2nd period - Shot Misses the Net.
14:45 of 2nd period - Puck is out of play.
14:46 of 2nd period - Juraj Mikus wins face-off versus Boone Jenner in Punishers zone.
14:47 of 2nd period - Snap shot by Tobias Rieder.
14:47 of 2nd period - Shot Blocked by Patrick Wiercioch.
14:49 of 2nd period - Snap shot by Dalton Prout.
14:49 of 2nd period - Shot Blocked by Jordan Schmaltz.
14:51 of 2nd period - Backhand shot by Juraj Mikus.
14:51 of 2nd period - Stopped by Kristers Gudlevskis with a rebound.
14:53 of 2nd period - Wrist shot by Teemu Pulkkinen.
14:53 of 2nd period - Shot Misses the Net.
14:55 of 2nd period - Slapshot by Bobby Sanguinetti.
14:55 of 2nd period - Stopped by Kristers Gudlevskis with a rebound.
14:57 of 2nd period - Slapshot by Juraj Mikus.
14:57 of 2nd period - Shot Misses the Net.
14:59 of 2nd period - Wrist shot by Tobias Rieder.
14:59 of 2nd period - Stopped by Kristers Gudlevskis with a rebound.
15:19 of 2nd period - Mark Jankowski is hit by Luke Witkowski and loses puck.
16:00 of 2nd period - Snap shot by Mattias Tedenby.
16:00 of 2nd period - Shot Misses the Net.
16:24 of 2nd period - Snap shot by Colton Gillies.
16:24 of 2nd period - Stopped by Martin Jones with a rebound.
16:28 of 2nd period - Snap shot by Miikka Salomaki.
16:28 of 2nd period - Shot Misses the Net.
16:34 of 2nd period - Minor Penalty to Kyle Brodziak for Holding.
16:35 of 2nd period - Mikhail Grigorenko wins face-off versus Zack Hamill in Saguenéens zone.
16:44 of 2nd period - Slapshot by Adam Pelech.
16:44 of 2nd period - Shot Blocked by Mikhail Grigorenko.
16:46 of 2nd period - Wrist shot by Mattias Tedenby.
16:46 of 2nd period - Shot Misses the Net.
16:48 of 2nd period - Slapshot by Adam Pelech.
16:48 of 2nd period - Stopped by Martin Jones with a rebound.
16:50 of 2nd period - Snap shot by Adam Pelech.
16:50 of 2nd period - Shot Blocked by Bobby Sanguinetti.
16:52 of 2nd period - Snap shot by Stefan Elliott.
16:52 of 2nd period - Stopped by Martin Jones with a rebound.
17:08 of 2nd period - Dalton Prout is hit by Boone Jenner and loses puck.
17:33 of 2nd period - Miikka Salomaki is hit by Seth Jones and loses puck.
18:34 of 2nd period - Penalty to Kyle Brodziak is over, Kyle Brodziak is back on ice.
19:59 of 2nd period - Jake McCabe is hit by Radek Faksa and loses puck.
Goals for this period are 1 for Saguenéens vs 1 for Punishers.
Shots for this period are 11 for Saguenéens vs 11 for Punishers.
3rd period
0:01 of 3rd period - Zack Hamill wins face-off versus Kyle Brodziak in neutral zone.
0:07 of 3rd period - Icing by Kyle Brodziak.
0:08 of 3rd period - Kyle Brodziak wins face-off versus Zack Hamill in Saguenéens zone.
0:08 of 3rd period - Kyle Brodziak is hit by Mattias Tedenby.
0:16 of 3rd period - Snap shot by Kyle Brodziak.
0:16 of 3rd period - Stopped by Kristers Gudlevskis with a rebound.
0:22 of 3rd period - Slapshot by Kyle Brodziak.
0:22 of 3rd period - Stopped by Kristers Gudlevskis without a rebound.
0:23 of 3rd period - Juraj Mikus wins face-off versus Boone Jenner in Punishers zone.
0:34 of 3rd period - Wrist shot by Colton Gillies.
0:34 of 3rd period - Stopped by Martin Jones with a rebound.
0:39 of 3rd period - Off-side.
0:40 of 3rd period - Kyle Brodziak wins face-off versus Zack Hamill in neutral zone.
0:49 of 3rd period - Wrist shot by Luke Witkowski.
0:49 of 3rd period - Shot Blocked by Zack Hamill.
0:51 of 3rd period - Slapshot by Dalton Prout.
0:51 of 3rd period - Shot Misses the Net.
0:53 of 3rd period - Backhand shot by Kyle Brodziak.
0:53 of 3rd period - Stopped by Kristers Gudlevskis without a rebound.
0:54 of 3rd period - Zack Hamill wins face-off versus Kyle Brodziak in Punishers zone.
1:05 of 3rd period - Wrist shot by Robbie Earl.
1:05 of 3rd period - Stopped by Martin Jones with a rebound.
1:07 of 3rd period - Slapshot by Stefan Elliott.
1:07 of 3rd period - Stopped by Martin Jones with a rebound.
1:09 of 3rd period - Wrist shot by Robbie Earl.
1:09 of 3rd period - Shot Misses the Net.
1:11 of 3rd period - Snap shot by Adam Pelech.
1:11 of 3rd period - Stopped by Martin Jones with a rebound.
1:25 of 3rd period - Snap shot by Teemu Pulkkinen.
1:25 of 3rd period - Shot Misses the Net.
1:27 of 3rd period - Slapshot by Bobby Sanguinetti.
1:27 of 3rd period - Shot Blocked by Adam Pelech.
1:29 of 3rd period - Slapshot by Teemu Pulkkinen.
1:29 of 3rd period - Goal by Teemu Pulkkinen - Saguenéens : 2 - Punishers : 2.
1:30 of 3rd period - Kyle Brodziak wins face-off versus Zack Hamill in neutral zone.
1:55 of 3rd period - Dalton Prout is hit by Adam Pelech and loses puck.
2:00 of 3rd period - Snap shot by Boone Jenner.
2:00 of 3rd period - Stopped by Martin Jones with a rebound.
2:02 of 3rd period - Snap shot by Colton Gillies.
2:02 of 3rd period - Goal by Colton Gillies - Saguenéens : 2 - Punishers : 3.
2:03 of 3rd period - Kyle Brodziak wins face-off versus Zack Hamill in neutral zone.
2:08 of 3rd period - Robbie Earl is hit by Kyle Brodziak and loses puck.
2:27 of 3rd period - Minor Penalty to Craig Cunningham for Roughing.
2:28 of 3rd period - Zack Hamill wins face-off versus Kyle Brodziak in Saguenéens zone.
4:04 of 3rd period - Bobby Sanguinetti is hit by Robbie Earl and loses puck.
4:27 of 3rd period - Penalty to Craig Cunningham is over, Craig Cunningham is back on ice.
4:37 of 3rd period - Mark Jankowski is hit by Seth Jones and loses puck.
4:48 of 3rd period - Wrist shot by Juraj Mikus.
4:48 of 3rd period - Stopped by Kristers Gudlevskis without a rebound.
4:49 of 3rd period - Nathan MacKinnon wins face-off versus Radek Faksa in Punishers zone.
4:50 of 3rd period - Snap shot by Rhett Rakhshani.
4:50 of 3rd period - Deflect By Kerby Rychel.
4:50 of 3rd period - Shot Misses the Net.
4:50 of 3rd period - Puck is out of play.
4:51 of 3rd period - Radek Faksa wins face-off versus Nathan MacKinnon in Punishers zone.
5:40 of 3rd period - Snap shot by Jerry D'Amigo.
5:40 of 3rd period - Shot Blocked by Dylan DeMelo.
5:42 of 3rd period - Slapshot by Dalton Prout.
5:42 of 3rd period - Stopped by Kristers Gudlevskis with a rebound.
6:02 of 3rd period - Snap shot by Boone Jenner.
6:02 of 3rd period - Stopped by Martin Jones with a rebound.
6:04 of 3rd period - Wrist shot by Dylan DeMelo.
6:04 of 3rd period - Shot Blocked by Bobby Sanguinetti.
6:06 of 3rd period - Snap shot by Colton Gillies.
6:06 of 3rd period - Stopped by Martin Jones with a rebound.
6:08 of 3rd period - Snap shot by Boone Jenner.
6:08 of 3rd period - Shot Blocked by Dalton Prout.
6:10 of 3rd period - Slapshot by Dylan DeMelo.
6:10 of 3rd period - Shot Misses the Net.
6:40 of 3rd period - Nathan MacKinnon is hit by Tyler Bertuzzi and loses puck.
7:23 of 3rd period - Miikka Salomaki is hit by Kyle Brodziak and loses puck.
7:32 of 3rd period - Snap shot by Luke Witkowski.
7:32 of 3rd period - Stopped by Kristers Gudlevskis without a rebound.
7:33 of 3rd period - Mattias Tedenby wins face-off versus Juraj Mikus in Punishers zone.
8:01 of 3rd period - Minor Penalty to Jordan Schmaltz for Cross-checking.
8:02 of 3rd period - Robbie Earl wins face-off versus Luke Witkowski in Punishers zone.
8:07 of 3rd period - Icing by Luke Witkowski.
8:08 of 3rd period - Zack Hamill wins face-off versus Luke Witkowski in Saguenéens zone.
8:24 of 3rd period - Off-side.
8:25 of 3rd period - Zack Hamill wins face-off versus Teemu Pulkkinen in neutral zone.
8:32 of 3rd period - Slapshot by Dalton Prout.
8:32 of 3rd period - Stopped by Kristers Gudlevskis with a rebound.
8:34 of 3rd period - Slapshot by Bobby Sanguinetti.
8:34 of 3rd period - Stopped by Kristers Gudlevskis with a rebound.
8:36 of 3rd period - Wrist shot by Teemu Pulkkinen.
8:36 of 3rd period - Shot Misses the Net.
8:38 of 3rd period - Slapshot by Bobby Sanguinetti.
8:38 of 3rd period - Shot Blocked by Stefan Elliott.
8:40 of 3rd period - Slapshot by Dalton Prout.
8:40 of 3rd period - Stopped by Kristers Gudlevskis without a rebound.
8:41 of 3rd period - Zack Hamill wins face-off versus Kyle Brodziak in Punishers zone.
9:52 of 3rd period - Wrist shot by Teemu Pulkkinen.
9:52 of 3rd period - Shot Misses the Net.
9:54 of 3rd period - Slapshot by Dalton Prout.
9:54 of 3rd period - Shot Misses the Net.
9:56 of 3rd period - Slapshot by Bobby Sanguinetti.
9:56 of 3rd period - Shot Misses the Net.
9:58 of 3rd period - Wrist shot by Juraj Mikus.
9:58 of 3rd period - Goal by Juraj Mikus - Saguenéens : 3 - Punishers : 3.
9:59 of 3rd period - Kyle Brodziak wins face-off versus Boone Jenner in neutral zone.
10:08 of 3rd period - Snap shot by Luke Witkowski.
10:08 of 3rd period - Deflect By Colton Gillies.
10:08 of 3rd period - Shot Blocked by Patrick Wiercioch.
10:08 of 3rd period - Puck is out of play.
10:09 of 3rd period - Kyle Brodziak wins face-off versus Boone Jenner in Punishers zone.
10:24 of 3rd period - Mike Sauer is hit by Colton Gillies and loses puck.
10:41 of 3rd period - Slapshot by Seth Jones.
10:41 of 3rd period - Stopped by Kristers Gudlevskis without a rebound.
10:42 of 3rd period - Juraj Mikus wins face-off versus Zack Hamill in Punishers zone.
11:33 of 3rd period - Miikka Salomaki is hit by Craig Cunningham and loses puck.
11:58 of 3rd period - Snap shot by Carter Ashton.
11:58 of 3rd period - Shot Misses the Net.
12:00 of 3rd period - Slapshot by Patrick Wiercioch.
12:00 of 3rd period - Stopped by Martin Jones with a rebound.
12:16 of 3rd period - Wrist shot by Tanner Richard.
12:16 of 3rd period - Stopped by Kristers Gudlevskis without a rebound.
12:17 of 3rd period - Zack Hamill wins face-off versus Kyle Brodziak in Punishers zone.
12:17 of 3rd period - Zack Hamill is hit by Kyle Brodziak.
12:29 of 3rd period - Snap shot by Mattias Tedenby.
12:29 of 3rd period - Shot Misses the Net.
12:31 of 3rd period - Snap shot by Mattias Tedenby.
12:31 of 3rd period - Shot Misses the Net.
12:33 of 3rd period - Slapshot by Robbie Earl.
12:33 of 3rd period - Stopped by Martin Jones with a rebound.
12:54 of 3rd period - Backhand shot by Juraj Mikus.
12:54 of 3rd period - Stopped by Kristers Gudlevskis with a rebound.
13:00 of 3rd period - Minor Penalty to Stefan Elliott for Cross-checking.
13:01 of 3rd period - Zack Hamill wins face-off versus Kyle Brodziak in Punishers zone.
15:00 of 3rd period - Penalty to Stefan Elliott is over, Stefan Elliott is back on ice.
15:09 of 3rd period - Slapshot by Dan Bertram.
15:09 of 3rd period - Shot Misses the Net.
15:38 of 3rd period - Nick Mattson is hit by Miikka Salomaki and loses puck.
16:00 of 3rd period - Icing by Nick Mattson.
16:01 of 3rd period - Kyle Brodziak wins face-off versus Boone Jenner in Saguenéens zone.
16:01 of 3rd period - Kyle Brodziak is hit by Boone Jenner.
17:06 of 3rd period - Snap shot by Rhett Rakhshani.
17:06 of 3rd period - Shot Blocked by Robbie Earl.
17:09 of 3rd period - Icing by Adam Pelech.
17:10 of 3rd period - Zack Hamill wins face-off versus Kyle Brodziak in Punishers zone.
17:21 of 3rd period - Slapshot by Mike Sauer.
17:21 of 3rd period - Shot Blocked by Mattias Tedenby.
17:47 of 3rd period - Minor Penalty to Juraj Mikus for Slashing.
17:48 of 3rd period - Boone Jenner wins face-off versus Kyle Brodziak in Saguenéens zone.
19:47 of 3rd period - Penalty to Juraj Mikus is over, Juraj Mikus is back on ice.
Goals for this period are 2 for Saguenéens vs 1 for Punishers.
Shots for this period are 14 for Saguenéens vs 10 for Punishers.
Overtime #1
0:01 of 1st overtime period - Zack Hamill wins face-off versus Kyle Brodziak in neutral zone.
1:09 of 1st overtime period - John Macfarland is hit by Henrik Samuelsson and loses puck.
1:30 of 1st overtime period - Slapshot by Bobby Sanguinetti.
1:30 of 1st overtime period - Shot Blocked by Jordan Schmaltz.
1:51 of 1st overtime period - Adam Pelech is hit by Mikhail Grigorenko.
2:22 of 1st overtime period - Slapshot by Tobias Rieder.
2:22 of 1st overtime period - Shot Misses the Net.
2:24 of 1st overtime period - Snap shot by Juraj Mikus.
2:24 of 1st overtime period - Stopped by Kristers Gudlevskis with a rebound.
2:26 of 1st overtime period - Snap shot by Seth Jones.
2:26 of 1st overtime period - Deflect By Colton Gillies.
2:26 of 1st overtime period - Stopped by Kristers Gudlevskis with a rebound.
2:47 of 1st overtime period - Dalton Prout is hit by Patrick Wiercioch and loses puck.
2:56 of 1st overtime period - Garret Ross is hit by Seth Jones and loses puck.
3:13 of 1st overtime period - Craig Cunningham is hit by Zack Hamill and loses puck.
3:32 of 1st overtime period - Icing by Colton Gillies.
3:33 of 1st overtime period - Tobias Rieder wins face-off versus Mattias Tedenby in Punishers zone.
3:53 of 1st overtime period - Madison Bowey is hit by Bobby Sanguinetti and loses puck.
Goals for this period are 0 for Saguenéens vs 0 for Punishers.
Shots for this period are 2 for Saguenéens vs 0 for Punishers.
ShootOut
5:00 of 1st overtime period - Round #1.
5:00 of 1st overtime period - Saguenéens, Kyle Brodziak.
5:00 of 1st overtime period - Wrist shot by Kyle Brodziak.
5:00 of 1st overtime period - Goal by Kyle Brodziak.
5:00 of 1st overtime period - Punishers, Zack Hamill.
5:00 of 1st overtime period - Snap shot by Zack Hamill.
5:00 of 1st overtime period - Goal by Zack Hamill.
5:00 of 1st overtime period - Round #2.
5:00 of 1st overtime period - Saguenéens, Luke Witkowski.
5:00 of 1st overtime period - Wrist shot by Luke Witkowski.
5:00 of 1st overtime period - Stopped by Kristers Gudlevskis.
5:00 of 1st overtime period - Punishers, Robbie Earl.
5:00 of 1st overtime period - Wrist shot by Robbie Earl.
5:00 of 1st overtime period - Goal by Robbie Earl.
5:00 of 1st overtime period - Round #3.
5:00 of 1st overtime period - Saguenéens, Tobias Rieder.
5:00 of 1st overtime period - Deke by Tobias Rieder.
5:00 of 1st overtime period - Shot Misses the Net.
Back to the Top